 Dungeon Crawl Stone Soup version 0.29.0-11-gd7f09526c8 (webtiles) character file.

Game seed: 10841040025053505134

508 pacmanke6689 the Cudgeller (level 6, -7/78 HPs)
             Began as a Demigod Fighter on Sept 2, 2022.
             Mangled by an ogre
             ... wielding a +0 giant club
              (8 damage)
             ... on level 5 of the Dungeon.
             The game lasted 00:13:30 (4769 turns).

pacmanke6689 the Cudgeller (Demigod Fighter)        Turns: 4769, Time: 00:13:31

Health: -7/78      AC: 23    Str: 21    XL:     6   Next: 65%
Magic:  8/8        EV:  2    Int: 10    God:
Gold:   159        SH:  5    Dex: 17    Spells: 3/5 levels left

rFire   . . .      SeeInvis .   t - +2 flail (drain)
rCold   . . .      Faith    .   c - +0 buckler
rNeg    . . .      Spirit   .   (body armour currently unavailable)
rPois   +          Reflect  .   (helmet currently unavailable)
rElec   .          Harm     .   (cloak currently unavailable)
rCorr   .          Rampage  .   (gloves currently unavailable)
Will    .....      NoTele   +   (boots currently unavailable)
Stlth   ++........              (no amulet)
HPRegen 0.23/turn               (no ring)
MPRegen 0.11/turn               (no ring)

@: tree-form, very slow
A: stationary, stasis, torment immunity, boosted hp, high MP 1, forlorn, divine
attributes
a: no special abilities


You were on level 5 of the Dungeon.
You were a tree.
You visited 1 branch of the dungeon, and saw 5 of its levels.

You collected 159 gold pieces.

Inventory:

Hand Weapons
 a - a +0 flail
 t - a +2 flail of draining (weapon)
Armour
 b - a +0 scale mail (melded)
 c - a +0 buckler (worn)
 g - a +0 helmet (melded)
 p - a +0 pair of gloves (melded)
 s - a +0 cloak (melded)
Jewellery
 j - a ring of flight
Wands
 k - a wand of roots (3)
Scrolls
 m - a scroll of fear {unknown}
 r - 2 scrolls of poison {unknown}
 v - a scroll of torment {unknown}
Potions
 f - 4 potions of lignification
 h - a potion of mutation {unknown}
 i - a potion of heal wounds {unknown}
 n - a potion of attraction {unknown}
 o - a potion of ambrosia {unknown}
 q - a potion of resistance
 u - a potion of brilliance {unknown}


   Skills:
 + Level 4.2 Fighting
 + Level 5.3 Maces & Flails
 + Level 3.3 Armour
 - Level 1.4 Dodging
 - Level 2.7 Shields


You had 3 spell levels left.
You knew the following spells:

 Your Spells              Type           Power      Damage    Failure   Level
a - Poisonous Vapours     Pois/Air       0%         N/A       58%         2

Your spell library contained the following spells:

 Spells                   Type           Power      Damage    Failure   Level
 Corpse Rot               Necr/Pois/Air  0%         N/A       99%         4


Dungeon Overview and Level Annotations

Branches:
Dungeon (5/15)             Temple (0/1) D:4


Innate Abilities, Weirdness & Mutations

You are a tree.
Your roots penetrate the ground, keeping you stationary.
You cannot be teleported.
You are immune to unholy pain and torment.
Your maximum health is greatly increased.
Your equipment is partially melded.
You have an increased reservoir of magic. (+10% MP)
You shall have no god before yourself.
Your divine heritage dramatically boosts your attributes as you level up.


Message History

The adder barely misses you. The white imp hits you.
* * * LOW HITPOINT WARNING * * *
The white imp freezes you.
* * * LOW HITPOINT WARNING * * *
You block the adder's attack.
Your unstable footing causes you to fumble your attack.
You block the ogre's attack. The white imp gestures at you.
The puff of frost misses you. The adder barely misses you.
The white imp barely misses you.
You hit the adder.
You kill the adder!
The ogre closely misses you. You block the white imp's attack.
You closely miss something. The ogre barely misses you. The white imp hits you.
* * * LOW HITPOINT WARNING * * *
The white imp freezes you.
* * * LOW HITPOINT WARNING * * *
Really quaff the potion of lignification?
You turn into a tree.
Your +0 cloak melds into your body.
Your +0 helmet melds into your body.
Your +0 pair of gloves melds into your body.
Your +0 scale mail melds into your body.
Your roots penetrate the ground.
An orc wizard appears from thin air!
Reactivating autopickup.
You block the orc wizard's attack.
The white imp hits you but does no damage.
The ogre hits you but does no damage.
You cannot move.
You cannot move.
You cannot move.
You cannot move.
You closely miss the orc wizard.
The orc wizard splashes around in the water.
You block the white imp's attack.
The orc wizard hits you with a +0 dagger.
* * * LOW HITPOINT WARNING * * *
You thump the orc wizard! You drain the orc wizard.
The orc wizard is almost dead.
The ogre hits you with a +0 giant club!
You die...

...#.......#
...#.......###
.............#
.....##.....##
...........##
............#
..........o.#########
......<......#oO....##
...............5♣~...#
........#.....~o8~~..#
........#>...#########
..............
..>............
...............
...............
........>....
#....###..#


You could see an ogre, an orc wizard (very drained), a white imp and an orc.

Vanquished Creatures
  Blork the orc (D:4)
  A scorpion (D:2)
  2 hounds (D:5)
  An orc wizard (D:3)
  2 iguanas (D:4)
  Robin (D:4)
  5 adders
  4 gnolls (D:4)
  A white imp (D:5)
  2 worms
  5 dart slugs
  9 orcs
  2 bats
  10 endoplasms
  5 giant cockroaches
  24 goblins
  8 hobgoblins
  7 jackals
  10 kobolds
  2 quokkas
  4 ball pythons
  4 frilled lizards
  6 rats
  A bush (D:2)
117 creatures vanquished.

Vanquished Creatures (others)
  A plant (D:1)
1 creature vanquished.

Grand Total: 118 creatures vanquished

Notes
Turn   | Place    | Note
-------+----------+-------------------------------------------
     0 | D:1      | pacmanke6689 the Demigod Fighter began the quest for the
                  | Orb.
     0 | D:1      | Reached XP level 1. HP: 18/18 MP: 3/3
   133 | D:1      | Reached skill level 2 in Maces & Flails
   141 | D:1      | Reached XP level 2. HP: 15/25 MP: 4/4
   602 | D:1      | Reached XP level 3. HP: 31/31 MP: 5/5
   906 | D:2      | Noticed a scorpion
   925 | D:2      | Killed a scorpion
   926 | D:2      | Reached skill level 3 in Maces & Flails
   926 | D:2      | Reached XP level 4. HP: 29/38 MP: 6/6
  1110 | D:2      | Reached skill level 1 in Dodging
  2494 | D:3      | Reached XP level 5. HP: 40/45 MP: 7/7
  2865 | D:3      | Reached skill level 4 in Maces & Flails
  3241 | D:4      | Learned a level 2 spell: Poisonous Vapours
  3255 | D:4      | Noticed Blork the orc
  3270 | D:4      | Killed Blork the orc
  3571 | D:4      | Reached XP level 6. HP: 38/52 MP: 8/8
  3704 | D:4      | Found a staircase to the Ecumenical Temple.
  3797 | D:4      | Noticed Robin
  4176 | D:4      | Killed Robin
  4177 | D:4      | Reached skill level 5 in Maces & Flails
  4543 | D:5      | Entered Level 5 of the Dungeon
  4766 | D:5      | HP: 1/52 [white imp (5)]
  4769 | D:5      | Mangled by an ogre

Illustrated notes

Levels and vault maps discovered:
D:1:      lightli_arrival_farm, layout_rooms, minmay_small_reverse_x
D:2:      kennysheep_the_goblin_king, layout_basic, basic_altar, minivault_11,
          minmay_hedge_maze, minmay_door_square
D:3:      layout_loops_cross, ebering_ecumenical_altar_rust
D:4:      layout_basic, general_overflow_altar,
          nicolae_gozag_cash_rules_everything_around_me,
          minmay_temple_entry_poolview, uniq_robin, uniq_blork_the_orc
D:5:      layout_cave_pools, bloody_trog, kennysheep_mini_moat,
          gammafunk_temple_overflow_pools, hex_large, moated_statue

Skill      XL: |  1  2  3  4  5  6 |
---------------+-------------------+-----
Armour         | 3 |  3.3
Maces & Flails | 2 3 4 5 |  5.3
Fighting       | 3 4 |  4.2
Dodging        | 1 |  1.4
Shields        | |  2.7

Action                   |  1- 3 |  4- 6 || total
-------------------------+-------+-------++-------
Melee: Flail             |    87 |   405 ||   492
  Use: Scroll            |     3 |     7 ||    10
       Potion            |     1 |     7 ||     8
Armor: Scale mail        |    48 |   228 ||   276
       Skin              |       |     2 ||     2
Dodge: Dodged            |    35 |   214 ||   249
Block: Buckler           |    17 |    91 ||   108
